 Dungeon Crawl Stone Soup version 0.27-a0-1188-g73eefd5def (webtiles) character file.

Game seed: 3282089717654027640

165 chippings the Skirmisher (level 5, -3/41 HPs)
             Began as a Mummy Gladiator on May 20, 2021.
             Killed from afar by Blork the orc (15 damage)
             ... with a puff of flame
             ... on level 4 of the Dungeon.
             The game lasted 00:03:57 (3088 turns).

chippings the Skirmisher (Mummy Gladiator)          Turns: 3088, Time: 00:03:57

Health: -3/41      AC:  5    Str: 18    XL:     5   Next: 21%
Magic:  5/5        EV: 12    Int:  8    God:
Gold:   175        SH:  0    Dex: 13    Spells: 4/4 levels left

rFire    x . .     SeeInvis .   e - +0 halberd
rCold    + . .     Faith    .   (shield currently unavailable)
rNeg     + + +     Spirit   .   h - +2 robe {Will+}
rPois    ∞         Reflect  .   c - +0 helmet
rElec    .         Harm     .   (no cloak)
rCorr    .         Rampage  .   (no gloves)
Will     +....                  (no boots)
Stlth    +.........             (no amulet)
HPRegen  0.13/turn              (no ring)
MPRegen  0.09/turn              (no ring)

@: no status effects
A: cold resistance 1, negative energy resistance 3, torment resistance 2, heat
vulnerability 1, no potions
a: no special abilities


You were on level 4 of the Dungeon.
You visited 1 branch of the dungeon, and saw 4 of its levels.

You collected 175 gold pieces.

Inventory:

Hand Weapons
 a - a +0 flail
 e - a +0 halberd (weapon)
 m - a +1 whip of venom
Missiles
 d - 3 throwing nets (quivered)
 j - 8 boomerangs
Armour
 c - a +0 helmet (worn)
 h - a +2 robe of willpower (worn)
 o - a +0 tower shield
Jewellery
 n - a ring of fire
Scrolls
 b - 10 scrolls of identify {unknown}
 f - 4 scrolls of teleportation {unknown}
 g - a scroll of amnesia {unknown}
 i - a scroll of enchant weapon {unknown}
 k - a scroll of fear {unknown}
 l - a scroll of noise {unknown}
 p - a scroll of magic mapping {unknown}


   Skills:
 + Level 3.4 Fighting
 - Level 2.5 Maces & Flails
 * Level 3.2 Polearms
 - Level 1.5 Throwing
 - Level 2.4 Dodging


You had 4 spell levels left.
You didn't know any spells.
Your spell library was empty.

Dungeon Overview and Level Annotations

Branches:
Dungeon (4/15)
 Temple: D:4-7

Altars:

Shops:
D:2 (   D:4 (

Annotations:
D:4 Blork the orc


Innate Abilities, Weirdness & Mutations

You are immune to poison.
Your flesh is cold resistant. (rC+)
You are immune to negative energy. (rN+++)
You are immune to unholy pain and torment.
You are vulnerable to heat. (rF-)
You do not drink.


Message History

Blork the orc shouts!
Found a stone staircase leading down.
Blork the orc looks encouraged for a moment.
Blork the orc casts a spell at you. The puff of flame hits you.
The fire burns you terribly!
You reach to attack!
You barely miss Blork the orc.
Blork the orc gestures at you while chanting.
The magic dart hits you.
You reach to attack!
You slash Blork the orc!
Blork the orc is heavily wounded.
Blork the orc closely misses you.
You barely miss Blork the orc.
Blork the orc is heavily wounded.
Blork the orc hits you with a +1 short sword of speed.
Blork the orc mumbles some strange words.
Blork the orc seems to speed up.
You closely miss Blork the orc.
Blork the orc is heavily wounded.
Blork the orc barely misses you.
Blork the orc hits you with a +1 short sword of speed.
Blork the orc misses you.
You hit Blork the orc but do no damage.
Blork the orc is heavily wounded.
Blork the orc screams, "I'll make a cloak from your skin!"
Blork the orc barely misses you.
Blork the orc frowns.
Blork the orc barely misses you.
Blork the orc hits you with a +1 short sword of speed.
You barely miss Blork the orc.
Blork the orc is heavily wounded.
Blork the orc points at you and mumbles some strange words.
The magic dart hits you.
Blork the orc hits you with a +1 short sword of speed.
* * * LOW HITPOINT WARNING * * *
You closely miss Blork the orc.
Blork the orc is heavily wounded.
Blork the orc suddenly shouts.
Blork the orc gestures at you while chanting.
The puff of flame hits you! The fire burns you terribly!
You die...

....###.#####.####..#
....# #..........#..#
..... ........##.#..#
################.#..#
..†...>..........#..#
##################..#
# #..#
##################..#
.............>.o@...#
..).................#
.###.################
.# #.# .# #.# .# #.#
..##.########
#...........#
#..#.######.#


You could see Blork the orc (fast).

Vanquished Creatures
  A scorpion (D:4)
  A hound (D:4)
  A hound skeleton (D:4)
  2 worms
  2 dart slugs
  4 bats
  2 endoplasms
  4 giant cockroaches
  3 goblins
  5 hobgoblins
  A jackal (D:2)
  2 quokkas
  8 ball pythons
  3 frilled lizards
  8 kobolds
  5 rats
52 creatures vanquished.

Notes
Turn   | Place    | Note
-------+----------+-------------------------------------------
     0 | D:1      | chippings the Mummy Gladiator began the quest for the Orb.
     0 | D:1      | Reached XP level 1. HP: 16/16 MP: 1/1
   265 | D:1      | Reached XP level 2. HP: 13/22 MP: 2/2
   434 | D:1      | Reached skill level 1 in Polearms
  1098 | D:2      | Found Hurrenuts's Antique Weapon Shoppe.
  1331 | D:2      | Reached XP level 3. HP: 28/28 MP: 3/3
  2576 | D:4      | Found Docanufu's Antique Weapon Shoppe.
  2588 | D:4      | Reached XP level 4. HP: 25/35 MP: 4/4
  2598 | D:4      | Noticed a scorpion
  2605 | D:4      | Killed a scorpion
  2606 | D:4      | Reached XP level 5. HP: 10/41 MP: 5/5
  3079 | D:4      | Noticed Blork the orc
  3088 | D:4      | Killed from afar by Blork the orc

Illustrated notes

Levels and vault maps discovered:
D:1:      lemuel_arrival_muddy, layout_loops_ring, minmay_misc_feat_rugged,
          minmay_misc_feat_ornament, minmay_pentomino_v2
D:2:      kennysheep_six_static_rooms, layout_basic, serial_shops,
          nicolae_shop_crystal, chequers_serial_rivers_large_a,
          minmay_misc_feat_pillars, guppyfry_early_lair_pool
D:3:      layout_loops_ring, minmay_strange_pillars, corner_web_ring
D:4:      layout_basic, serial_shops, shop,
          nicolae_shop_temple_entry_statues_fountains, shop,
          mrwooster_statue_mirror, uniq_blork_the_orc

Skill      XL: |  1  2  3  4 |
---------------+-------------+-----
Polearms       | 1 2 3 |  3.2
Fighting       | 3 |  3.4
Maces & Flails | |  2.5
Throwing       | |  1.5
Dodging        | |  2.4

Action                   |  1- 3 |  4- 6 || total
-------------------------+-------+-------++-------
Melee: Halberd           |   107 |    35 ||   142
       Flail             |     7 |       ||     7
Armor: Ring mail         |    20 |       ||    20
       Leather armour    |     2 |       ||     2
       Robe              |    21 |     7 ||    28
Dodge: Dodged            |    80 |    24 ||   104

Table legend: (Time is in decaauts)
 A = Elapsed time spent in this place.
 B = Non-inter-level travel time spent in this place.
 C = Inter-level travel time spent in this place.
 D = Time resting spent in this place.
 E = Time spent auto-exploring this place.
 F = Levels seen in this place.
 G = Mean time per level.
                   A        B        C        D        E       F      G
               +--------+--------+--------+--------+--------+-----+--------+
         Total |   3161 |   3128 |     33 |    235 |   2239 |   4 |  790.2 |
       Dungeon |   3161 |   3128 |     33 |    235 |   2239 |   4 |  790.2 |
               +--------+--------+--------+--------+--------+-----+--------+

Top non-repeatable levels by time:
     D:2: 1002 daAuts
     D:1: 952 daAuts
     D:3: 649 daAuts
     D:4: 556 daAuts
